 Dungeon Crawl Stone Soup version 0.18.1-48-g4cf74bf (webtiles) character file.

7109 nikopol the Fighter (level 10, -2/91 HPs)
             Began as a Minotaur Berserker on Aug 15, 2016.
             Was a High Priest of Trog.
             Slain by a spiny frog (9 damage)
             ... on level 1 of the Lair of Beasts.
             The game lasted 00:31:04 (7722 turns).

nikopol the Fighter (Minotaur Berserker)            Turns: 7722, Time: 00:31:06

Health: -2/91      AC: 18    Str: 22    XL:     10   Next: 85%
Magic:  9/9        EV:  7    Int:  8    God:    Trog [*****.]
Gold:   22         SH:  0    Dex: 16    Spells: 0 memorised, 9 levels left

rFire  + + .     SeeInvis .     a - +6 trident of Kineepna {pierce, Int+4 Stlth+}
rCold  . . .     Gourm    .     H - +3 chain mail
rNeg   + + .     Faith    .     (no shield)
rPois  .         Spirit   .     (helmet restricted)
rElec  .         Dismiss  .     n - +1 cloak
rCorr  .         Reflect  .     L - +0 pair of gloves of Anerghott {rF+ rN+ Dex+3}
SustAt .         Harm     .     (no boots)
MR     ++...                    w - amulet of regeneration
Stlth  ..........               (no ring)
                                B - ring "Kopibb" {rF+ rN+ Slay+3}

@: lethally poisoned (-2 -> -2), very slightly contaminated, regenerating, very
resistant to hostile enchantments, extremely unstealthy
A: retaliatory headbutt, horns 2
a: Berserk, Trog's Hand, Brothers in Arms, Burn Spellbooks, Renounce Religion


You were on level 1 of the Lair of Beasts.
You worshipped Trog.
Trog was extremely pleased with you.
You were very hungry.

You visited 2 branches of the dungeon, and saw 10 of its levels.
You also visited: Bailey.

You collected 843 gold pieces.
You spent 821 gold pieces at shops.

Inventory:

Hand Weapons
 a - the +6 trident of Kineepna (weapon) {pierce, Int+4 Stlth+}
   (You found it on level 6 of the Dungeon)

   It inflicts extra damage upon your enemies.
   It affects your intelligence (+4).
   It makes you more stealthy.
 z - a +1 shortbow
 C - a +1 halberd
 F - a +2 trident
 I - a +2 trident
Missiles
 h - 203 arrows (quivered)
Armour
 g - a +4 plate armour
 n - a +1 cloak (worn)
 r - a +1 plate armour of fire resistance
 H - a +3 chain mail (worn)
 L - the +0 pair of gloves of Anerghott (worn) {rF+ rN+ Dex+3}
   (You found it on level 6 of the Dungeon)

   It affects your dexterity (+3).
   It protects you from fire.
   It protects you from negative energy.
Jewellery
 w - an amulet of regeneration (around neck)
 B - the ring "Kopibb" (left hand) {rF+ rN+ Slay+3}
   (You bought it in a shop on level 4 of the Dungeon)

   [ring of slaying]

   It affects your accuracy and damage with ranged weapons and melee attacks
   (+3).
   It protects you from fire.
   It protects you from negative energy.
 N - an uncursed ring of flight {unknown}
Wands
 l - a wand of polymorph (16/24)
 x - a wand of flame (20/48)
Scrolls
 b - a scroll of enchant armour
 e - 4 scrolls of teleportation
 i - 12 scrolls of identify
 j - a scroll of recharging
 m - 4 scrolls of remove curse
 s - a scroll of enchant weapon
Potions
 d - 3 potions of might {unknown}
 k - 6 potions of lignification
 o - a potion of berserk rage {unknown}
 q - 3 potions of heal wounds {unknown}
 t - a potion of brilliance {unknown}
 u - 2 potions of flight {unknown}
 A - a potion of curing {unknown}
 D - 2 potions of haste {unknown}
 G - a potion of resistance {unknown}
 J - 2 potions of agility {unknown}
 K - a potion of degeneration {unknown}
 O - a potion of mutation {unknown}
Comestibles
 c - 8 bread rations
 f - 2 meat rations
 p - 13 fruits
 v - a slice of pizza
 E - 2 royal jellies
 P - 9 beef jerkies


   Skills:
 + Level 9.0 Fighting
   Level 8.0(9.4) Axes
 * Level 7.6(9.2) Polearms
 * Level 8.2 Bows
 + Level 9.0 Armour
 + Level 7.8 Dodging


You had 9 spell levels left.
You didn't know any spells.

Dungeon Overview and Level Annotations

Branches:
Dungeon (9/15)             Temple (0/1) D:7            Lair (1/8) D:8
    Orc: D:9-12

Altars:
Ashenzari
Elyvilon
Fedhas
Gozag
Pakellas
Ru
Trog
Vehumet
Xom
Zin

Shops:
D:4 =   D:5 !


Innate Abilities, Weirdness & Mutations

You reflexively headbutt those who attack you in melee.
You have a pair of horns on your head.


Message History

Your ogre goes berserk!
You feel somewhat more hungry.
* * * LOW HITPOINT WARNING * * *
You feel sick.
Your skin crawls.
You feel resistant to hostile enchantments.
You feel slightly more hungry.
You feel sick.
You feel sick.
You feel sick.
Your ogre closely misses the porcupine.
You feel sick.
Your ogre rages.
You feel sick.
The spiny frog stings you but does no damage.
You feel sick.
Your ogre barely misses the porcupine.
The spiny frog stings you.
* * * LOW HITPOINT WARNING * * *
You feel sick. The spiny frog barely misses you.
There is a staircase back to the Dungeon here.
You feel sick.
Your ogre misses the porcupine. The spiny frog stings you!
You die...

..##.......#.....................
...........#.............P#......
.......>...#...........%... ##...
........................... ##..
..........................# ###
...........≈≈≈O..........##
#.........≈≈≈≈≈≈r...>...##
#.........≈≈≈≈r≈F......##
....†.....≈≈≈≈rr@.....##
..#.†.....≈≈≈≈≈÷.......#
##........≈≈≈≈≈≈..######
#.........≈≈≈≈≈≈.#
#...........≈≈≈≈..#
.............≈≈..##
P...............##
##............##


You could see a spiny frog, a porcupine, 3 river rats and a friendly ogre
(berserk).

Vanquished Creatures
  The ghost of Freyj the Covered, a novice MiFi of Trog (D:7)
  A troll (D:9)
  A two-headed ogre (D:9)
  Eustachio (D:6)
  A basilisk (Lair:1)
  A hippogriff (D:8)
  2 water moccasins
  Edmund (D:5)
  2 porcupines (Lair:1)
  2 sky beasts
  Duvessa (D:5)
  An orc warrior (D:8)
  5 ice beasts
  A black bear (D:4)
  4 ogres
  4 centaurs
  5 giant frogs
  8 gnoll sergeants (Bailey)
  Dowan (D:5)
  A wyvern skeleton (D:9)
  4 scorpions
  6 killer bees (D:7)
  7 wights
  An electric eel (Lair:1)
  A giant frog zombie (D:5)
  A crimson imp (D:9)
  3 centaur zombies
  A quasit (D:7)
  6 hounds
  2 jellies
  Crazy Yiuf (D:5)
  2 centaur skeletons
  An orc priest (D:7)
  3 giant frog skeletons
  6 gnoll shamans (Bailey)
  5 iguanas
  9 orc wizards
  4 worker ants
  2 killer bee zombies
  2 hound skeletons
  3 hound zombies
  21 gnolls
  25 river rats (Lair:1)
  8 adders
  A shadow imp (D:8)
  2 oozes
  2 adder skeletons
  5 adder zombies
  5 worms
  A dart slug (D:3)
  3 giant geckos
  20 orcs
  5 giant cockroaches
  11 goblins
  6 hobgoblins
  10 jackals
  2 quokkas
  A ball python (D:1)
  3 bats
  A giant cockroach zombie (D:5)
  A giant gecko zombie (D:5)
  A giant newt (D:7)
  8 kobolds
  A quokka zombie (D:7)
  8 rats
265 creatures vanquished.

Vanquished Creatures (others)
  An ice dragon (D:2)
  An orc (D:5)
  A giant cockroach (D:5)
  2 quokkas (D:5)
  A giant newt (D:5)
6 creatures vanquished.

Grand Total: 271 creatures vanquished

Notes
Turn   | Place    | Note
--------------------------------------------------------------
     0 | D:1      | nikopol the Minotaur Berserker began the quest for the Orb.
     0 | D:1      | Reached XP level 1. HP: 19/19 MP: 0/0
   368 | D:1      | Reached XP level 2. HP: 27/27 MP: 1/1
   908 | D:2      | Reached XP level 3. HP: 19/33 MP: 2/2
  1078 | D:2      | Reached ** piety under Trog
  1192 | D:2      | Found an oddly glowing altar of Pakellas.
  1192 | D:2      | Noticed an ice dragon
  1222 | D:2      | Killed an ice dragon
  1296 | D:3      | Reached XP level 4. HP: 40/40 MP: 3/3
  1407 | D:3      | Found a shattered altar of Ashenzari.
  1517 | D:3      | Reached XP level 5. HP: 47/47 MP: 4/4
  1633 | D:3      | Found an opulent altar of Gozag.
  1649 | D:3      | Found a glowing silver altar of Zin.
  1709 | D:3      | Found a blossoming altar of Fedhas.
  1819 | D:4      | Reached *** piety under Trog
  1819 | D:4      | Reached skill level 5 in Axes
  1891 | D:4      | Noticed an ogre
  1899 | D:4      | Killed an ogre
  1899 | D:4      | Reached skill level 5 in Fighting
  1899 | D:4      | Reached XP level 6. HP: 30/56 MP: 5/5
  1980 | D:4      | Found Ymuar's Jewellery Emporium.
  2237 | D:4      | Reached skill level 5 in Armour
  2334 | D:5      | Entered Level 5 of the Dungeon
  2343 | D:5      | Reached XP level 7. HP: 62/62 MP: 6/6
  2446 | D:5      | Noticed Edmund
  2455 | D:5      | Killed Edmund
  2537 | D:5      | Found a shimmering altar of Xom.
  2553 | D:5      | Reached skill level 5 in Dodging
  2622 | D:5      | Found Raaluf's Distillery.
  2715 | D:5      | Reached XP level 8. HP: 50/71 MP: 7/7
  2797 | D:5      | Reached skill level 1 in Bows
  2903 | D:5      | Noticed Duvessa
  2903 | D:5      | Noticed Dowan
  2920 | D:5      | Killed Duvessa
  2921 | D:5      | Killed Dowan
  3052 | D:5      | Noticed Crazy Yiuf
  3056 | D:5      | Killed Crazy Yiuf
  3441 | D:6      | Noticed Eustachio
  3467 | D:6      | Killed Eustachio
  3539 | D:6      | Got a pair of scorched gloves
  3550 | D:6      | Identified the +0 pair of gloves of Anerghott {rF+ rN+ Dex+3} (You found it on level 6 of the Dungeon)
  3646 | D:6      | Got a smoking trident
  3666 | D:6      | Identified the +6 trident of Kineepna {pierce, Int+4 Stlth+} (You found it on level 6 of the Dungeon)
  3924 | D:6      | Found a white marble altar of Elyvilon.
  4020 | D:6      | Reached skill level 1 in Polearms
  4098 | D:6      | Reached **** piety under Trog
  4102 | D:6      | Reached XP level 9. HP: 79/79 MP: 8/8
  4294 | D:7      | Found a shimmering altar of Xom.
  4343 | D:7      | Found a staircase to the Ecumenical Temple.
  4346 | D:7      | Noticed Freyj's ghost (novice MiFi)
  4356 | D:7      | Killed Freyj's ghost
  4356 | D:7      | Reached skill level 5 in Bows
  4506 | D:7      | Found a sacrificial altar of Ru.
  4513 | D:7      | Received a gift from Trog
  4525 | D:7      | Found a flagged portal.
  4545 | Bailey   | Entered a bailey
  4689 | Bailey   | Reached skill level 5 in Polearms
  4991 | Bailey   | Reached XP level 10. HP: 88/88 MP: 9/9
  5010 | Bailey   | Reached ***** piety under Trog
  6279 | D:8      | Found a staircase to the Lair.
  6369 | D:8      | Found a bloodstained altar of Trog.
  6434 | D:8      | Got a dazzling chain mail
  6445 | D:8      | Identified the +1 chain mail of the Depths {Int+6} (You found it on level 8 of the Dungeon)
  6590 | D:9      | Received a gift from Trog
  6978 | D:9      | Found a radiant altar of Vehumet.
  7322 | D:4      | Bought the ring "Kopibb" {rF+ rN+ Slay+3} for 821 gold pieces
  7439 | Lair:1   | Entered Level 1 of the Lair of Beasts
  7702 | Lair:1   | Noticed a spiny frog
  7722 | Lair:1   | Slain by a spiny frog

Skill      XL: |  1  2  3  4  5  6  7  8  9 10 |
---------------+-------------------------------+-----
Fighting       | 4 5 6 7 8 9 |  9.0
Axes           | 4 5 6 8 |  8.0
Armour         | 3 4 5 6 7 9 |  9.0
Dodging        | 3 4 5 6 7 |  7.8
Bows           | 3 6 8 |  8.2
Polearms       | 1 5 7 |  7.6

Action                   |  1- 3 |  4- 6 |  7- 9 | 10-12 || total
-------------------------+-------+-------+-------+-------++-------
Melee: Hand axe          |    71 |   102 |   112 |       ||   285
       Headbutt          |     9 |    19 |    49 |    31 ||   108
       Trident           |       |       |   169 |   166 ||   335
 Fire: Shortbow          |       |       |    72 |   138 ||   210
Invok: Berserk           |       |       |     8 |       ||     8
       Trog's Hand       |       |       |       |     1 ||     1
       Brothers in Arms  |       |       |       |     1 ||     1
  Use: Scroll            |       |       |    10 |     1 ||    11
 Stab: Confused          |       |       |     1 |       ||     1
  Eat: Chunk             |     1 |     4 |    15 |     9 ||    29
Armor: Ring mail         |    30 |    38 |    48 |       ||   116
       Plate armour      |       |       |    73 |       ||    73
       Chain mail        |       |       |    20 |    95 ||   115
Dodge: Dodged            |    46 |    63 |   184 |   105 ||   398
